 Dungeon Crawl Stone Soup version 0.31.0-11-ge490571c62 (webtiles) character file.

Game seed: 12042515365046187607

128 Killerpretzel the Changeling (level 5, -1/34 HPs)
             Began as an Octopode Shapeshifter on Feb 9, 2024.
             Killed by divine providence
             ... invoked by an orc priest
              (10 damage)
             ... on level 3 of the Dungeon.
             The game lasted 00:04:57 (2305 turns).

Killerpretzel the Changeling (OpSh)                 Turns: 2305, Time: 00:04:58

Health: -1/34      AC:  1    Str: 13    XL:     5   Next: 12%
Magic:  5/5        EV: 14    Int: 12    God:
Gold:   69         SH:  0    Dex: 14    Spells: 4/4 levels left

rFire   . . .        e - +0 short sword
rCold   . . .        (no shield)
rNeg    . . .        (helmet currently unavailable)
rPois   .            (no amulet)
rElec   .            (no ring)
rCorr   .            (no ring)
SInv    .            (no ring)
Will    .....        (no ring)
Stlth   ++           (no ring)
HPRegen 0.25/turn    (no ring)
MPRegen 0.09/turn    (no ring)
                     (no ring)

%: no passive effects
@: beast-form
A: beast (slay +2), almost no armour, amphibious, 8 rings, camouflage 1,
gelatinous body 1, (nimble swimmer 1), tentacles
a: Begin Untransformation


You were on level 3 of the Dungeon.
You were a hulking beast.
You visited 1 branch of the dungeon, and saw 3 of its levels.

You collected 69 gold pieces.

Inventory:

Hand Weapons
 e - a +0 short sword (weapon)
Talismans
 b - a beast talisman
 c - a flux talisman
Scrolls
 f - a scroll of noise {unknown}
 g - a scroll of identify {unknown}
 i - 2 scrolls of teleportation {unknown}
 j - a scroll of acquirement {unknown}
 k - a scroll of immolation {unknown}
Potions
 a - a potion of lignification
 d - 2 potions of heal wounds {unknown}
 h - a potion of magic {unknown}


   Skills:
 + Level 2.2 Fighting
 + Level 2.9 Dodging
 + Level 3.6 Unarmed Combat
 * Level 4.0 Shapeshifting


You had 4 spell levels left.
You didn't know any spells.
Your spell library contained the following spells:

 Spells                   Type           Power      Damage    Failure   Level
 Hailstorm                Conj/Ice       0%         3d5       69%         3
 Summon Ice Beast         Ice/Summ       0%         N/A       69%         3
 Sculpt Simulacrum        Ice/Alch       0%         N/A       100%        6


Dungeon Overview and Level Annotations

Branches:
Dungeon (3/15)

Altars:
The Shining One

Shops:
D:2 *


Innate Abilities, Weirdness & Mutations

You are a hulking beast.
Your limbs bulge with bestial killing power. (Slay +2)
You cannot wear most types of armour.
You are amphibious.
You can wear up to eight rings at the same time.
Your skin changes colour to match your surroundings (Stealth+).
Your rubbery body absorbs attacks. (AC +1, EV +1)
((You are camouflaged when in or above water. (Stealth+)))
You have tentacles for arms and can constrict up to eight enemies at once.


Message History

The orc shouts!
An adder comes into view.
There are monsters nearby!
The orc shouts! x2; The adder hisses angrily.
There are monsters nearby!
The orc attacks as it pursues you! The orc barely misses you.
The orc attacks as it pursues you!
The orc hits you from afar with a +0 trident.
You hit the orc but do no damage. Your grab misses the orc.
The orc hits you with a +0 club.
The orc priest shouts!
You hit the orc. Your grab misses the orc.
The orc is moderately wounded.
The orc priest calls down the wrath of Beogh upon you.
Beogh smites you! The orc misses you. x2
You closely miss the orc. You grab the orc. You squeeze the orc.
You kill the orc!
The orc barely misses you.
You puncture the orc!
You kill the orc!
The orc hits you from afar with a +0 trident!
* * * LOW HITPOINT WARNING * * *
You barely miss the adder. You grab the adder.
You constrict the adder, but do no damage.
The adder barely misses you. The orc closely misses you.
You hit the adder.
The adder is moderately wounded.
You constrict the adder. The adder closely misses you.
The orc completely misses you.
You barely miss the adder. You squeeze the adder.
The adder is severely wounded.
You constrict the adder. The adder barely misses you.
The orc hits you from afar with a +0 trident.
* * * LOW HITPOINT WARNING * * *
The adder barely misses you.
You hit the adder.
You kill the adder!
The orc priest mumbles some strange prayers to Beogh against you.
Beogh smites you!
You die...

........##............
#.....^.............
#.#.####............
#.#.................
#.#.................
...##.....###...........
......oo#.###...........
..)####)#...............
.. #h#####...........
#.# #........... #.#
#........... #.#
#......).... #.#
#..........#
#.#####..........#
#.##.............#
#.##.#####..###.#.
#.##.#####..# #...


You could see an orc priest and an orc.

Vanquished Creatures
  A bombardier beetle (D:3)
  4 adders
  A gnoll (D:1)
  A ribbon worm (D:2)
  A dart slug (D:3)
  2 orcs (D:3)
  2 endoplasms
  A giant cockroach (D:1)
  A goblin (D:1)
  3 hobgoblins
  7 jackals
  5 kobolds
  4 quokkas (D:1)
  5 ball pythons
  6 bats
  3 frilled lizards
  4 rats
51 creatures vanquished.

Notes
Turn   | Place    | Note
-------+----------+-------------------------------------------
     0 | D:1      | Killerpretzel the Octopode Shapeshifter began the quest for
                  | the Orb.
     0 | D:1      | Reached XP level 1. HP: 13/13 MP: 1/1
   107 | D:1      | Reached XP level 2. HP: 18/18 MP: 2/2
   215 | D:1      | Reached XP level 3. HP: 15/23 MP: 3/3
  1215 | D:2      | Reached XP level 4. HP: 28/29 MP: 4/4
  1497 | D:2      | Found Dieklur's General Store.
  2067 | D:3      | Found a glowing golden altar of the Shining One.
  2106 | D:3      | Reached skill level 4 in Shapeshifting
  2153 | D:3      | Reached XP level 5. HP: 23/34 MP: 5/5
  2305 | D:3      | Killed from afar by an orc priest

Illustrated notes

Levels and vault maps discovered:
D:1:      dpeg_arrival_arbitrary_a, layout_loops_ring,
          minmay_misc_feat_secret_circle, minmay_misc_feat_four_crosses,
          minivault_23, patterned_corridor
D:2:      layout_rooms, serial_shops, shop,
          nicolae_concentric_dashed_squares_wild, corexii_hall_statues_i
D:3:      layout_basic, nicolae_tso_carved_into_rock,
          shapermc_ecumenical_altar_pompeii

Skill      XL: |  1  2  3  4 |
---------------+-------------+-----
Fighting       | 2 |  2.2
Shapeshifting  | 4 |  4.0
Dodging        | |  2.9
Unarmed Combat | |  3.6

Action                     |  1- 3 |  4- 6 || total
---------------------------+-------+-------++-------
  Melee: Unarmed           |    48 |       ||    48
         Tentacles         |    10 |    13 ||    23
         Constrict         |    15 |    15 ||    30
         Short sword       |    18 |    50 ||    68
         Punch             |       |     2 ||     2
    Use: Scroll            |     1 |       ||     1
   Stab: Sleeping          |     6 |     2 ||     8
 Armour: Skin              |    37 |    26 ||    63
  Dodge: Dodged            |    46 |    36 ||    82
